 Dungeon Crawl Stone Soup version 0.24-a0-487-g57318f2ed0 (webtiles) character file.

Game seed: 2261296025240988631

56 forest the Sneak (level 3, 0/18 HPs)
             Began as a Spriggan Assassin on July 10, 2019.
             Slain by a gnoll
             ... wielding a +0 club
              (11 damage)
             ... on level 3 of the Dungeon.
             The game lasted 00:02:56 (2217 turns).

forest the Sneak (Spriggan Assassin)                Turns: 2217, Time: 00:02:58

Health: 0/18       AC:  3    Str:  8    XL:     3   Next: 71%
Magic:  4/4        EV: 17    Int: 12    God:
Gold:   93         SH:  0    Dex: 17    Spells: 2/2 levels left

rFire    . . .     SeeInvis +   a - +2 dagger
rCold    . . .     Gourm    .   (shield restricted)
rNeg     . . .     Faith    .   b - +0 robe
rPois    .         Spirit   .   (helmet restricted)
rElec    .         Reflect  .   c - +0 cloak
rCorr    .         Harm     .   (gloves unavailable)
MR       .....                  (boots unavailable)
Stlth    ++++......             (no amulet)
HPRegen  0.06/turn              (no ring)
MPRegen  0.09/turn              (no ring)

@: very quick
A: very small, unfitting armour, see invisible, herbivore, speed 3, slow
metabolism 2
a: no special abilities


You were on level 3 of the Dungeon.
You were not hungry.

You visited 1 branch of the dungeon, and saw 3 of its levels.

You collected 93 gold pieces.

Inventory:

Hand Weapons
 a - a +2 dagger (weapon)
 h - a +0 hunting sling
Missiles
 d - 22 poisoned darts (quivered)
 e - 2 curare-tipped darts
 k - 17 sling bullets
 l - 11 stones
 q - 8 boomerangs
Armour
 b - a +0 robe (worn)
 c - a +0 cloak (worn)
Scrolls
 g - a scroll of enchant weapon {unknown}
 i - 3 scrolls of teleportation {unknown}
 m - a scroll of blinking {unknown}
 n - a scroll of magic mapping {unknown}
Potions
 j - a potion of ambrosia {unknown}
 o - a potion of curing {unknown}
 p - a potion of heal wounds {unknown}
 r - a potion of might {unknown}
Comestibles
 f - 6 rations


   Skills:
 + Level 1.7 Fighting
 + Level 2.9 Short Blades
 + Level 2.0 Throwing
 + Level 2.4 Dodging
 + Level 7.3 Stealth


You had 2 spell levels left.
You didn't know any spells.
Your spell library was empty.

Dungeon Overview and Level Annotations

Branches:
Dungeon (3/15)

Altars:
Fedhas
Gozag
Nemelex Xobeh
Okawaru
Sif Muna


Innate Abilities, Weirdness & Mutations

You are very small and have problems with some larger weapons.
You are too small for most types of armour.
You have supernaturally acute eyesight. (SInv)
You are a herbivore.
You cover ground extremely quickly.
You need to consume almost no food.


Message History

Found 5 gold pieces.
There is a stone staircase leading up here.
A gnoll comes into view.
Throwing (i - inventory. (/) - cycle)
d - 23 poisoned darts (quivered)
Press: ? - help, Shift-Dir - straight line, f - gnoll
Aim: a gnoll, wielding a +0 club You throw a poisoned dart.
The poisoned dart hits the gnoll.
The gnoll is poisoned.
The gnoll shouts!
You hear a shout! x2
A gnoll comes into view. It is wielding a +3 whip.
The gnoll shouts!
The gnoll moves out of view.
You hit the gnoll but do no damage. You barely miss the gnoll.
The gnoll hits you with a +0 club!
The gnoll shouts!
You hit the gnoll.
The gnoll is lightly wounded.
The gnoll hits you with a +0 club!
Ouch! That really hurt!
You die...

#.######
#......#
#.# #@#
#g# #g#
#g#
#$...g##
#.....
#..g.g
...g...
#######


You could see 5 gnolls.

Vanquished Creatures
  A worm (D:2)
  A dart slug (D:1)
  3 leopard geckos
  5 giant cockroaches
  2 goblins (D:2)
  9 hobgoblins
  2 jackals (D:2)
  5 kobolds
  A quokka (D:2)
  3 ball pythons
  5 bats
  2 frilled lizards (D:1)
  6 rats
45 creatures vanquished.

Notes
Turn   | Place    | Note
-------+----------+-------------------------------------------
     0 | D:1      | forest the Spriggan Assassin began the quest for the Orb.
     0 | D:1      | Reached XP level 1. HP: 10/10 MP: 2/2
    51 | D:1      | Reached skill level 6 in Stealth
   116 | D:1      | Reached XP level 2. HP: 13/14 MP: 3/3
  1094 | D:2      | Reached skill level 7 in Stealth
  1191 | D:2      | Reached XP level 3. HP: 6/18 MP: 4/4
  1487 | D:2      | Found a faded altar of an unknown god.
  1644 | D:2      | Found an iron altar of Okawaru.
  1909 | D:2      | Found a sparkling altar of Nemelex Xobeh.
  2168 | D:2      | Found a deep blue altar of Sif Muna.
  2171 | D:2      | Found an opulent altar of Gozag.
  2176 | D:2      | Found a blossoming altar of Fedhas.
  2217 | D:3      | Slain by a gnoll

Levels and vault maps discovered:
D:1:      dpeg_arrival_yet_another_circle, layout_basic
D:2:      layout_loops_ring, nemelex_xobeh_ov_fountains_minmay,
          okawaru_gym_becter, grunt_temple_overflow_diamond,
          chequers_ecumenical_altar_twisty, hangedman_decor_peaks_small
D:3:      layout_basic, first_ration

Skill      XL: |  1  2 |
---------------+-------+-----
Stealth        | 6 7 |  7.3
Dodging        | 2 |  2.4
Fighting       | |  1.7
Short Blades   | |  2.9
Throwing       | |  2.0

Action                   || total
-------------------------++-------
Melee: Dagger            ||   123
Throw: Dart              ||     1
 Stab: Sleeping          ||    20
Armor: Robe              ||    22
Dodge: Dodged            ||    84

Table legend:
 A = Non-vault XP
 B = Vault XP
 C = Vault XP percentage of total XP
 D = Non-vault monster count
 E = Vault monster count
 F = Vault count percentage of total count
                 A         B        C        D         E       F
            +---------+---------+-------+---------+---------+-------
      Total |      81 |       0 |   0.0 |      45 |       0 |   0.0
            +---------+---------+-------+---------+---------+-------
        D:1 |      33 |       0 |   0.0 |      20 |       0 |   0.0
        D:2 |      48 |       0 |   0.0 |      25 |       0 |   0.0
            +---------+---------+-------+---------+---------+-------
